 Dungeon Crawl Stone Soup version 0.28.0-62-gf88900778d (webtiles) character file.

Game seed: 12836502027522885181

10101 cbfl8 the Cleaver (level 11, -2/85 HPs)
             Began as a Minotaur Fighter on Mar 7, 2024.
             Was a Priest of Hepliaklqana.
             Slain by a yak (4 damage)
             ... on level 10 of the Dungeon.
             The game lasted 00:12:35 (10769 turns).

cbfl8 the Cleaver (Minotaur Fighter)               Turns: 10769, Time: 00:12:36

Health: -2/85      AC: 18    Str: 22    XL:     11   Next: 31%
Magic:  10/10      EV: 10    Int:  5    God:    Hepliaklqana [***...]
Gold:   282        SH:  6    Dex: 13    Spells: 10/10 levels left

rFire   . . .      SeeInvis .   a - +0 war axe
rCold   . . .      Faith    .   c - +0 buckler
rNeg    + . .      Spirit   .   D - +0 plate armour
rPois   .          Reflect  .   r - +1 hat
rElec   .          Harm     .   (no cloak)
rCorr   .          Rampage  .   o - +0 pair of gloves
Will    .....                   A - +0 pair of boots {Fly}
Stlth   ..........              (no amulet)
HPRegen 0.24/turn               l - +4 ring of evasion
MPRegen 0.12/turn               u - ring of positive energy

@: flying, studying Dodging
A: reduced essence, horns 2, retaliatory headbutt
a: Renounce Religion, Recall Ancestor, Ancestor Identity, Transference


You were on level 10 of the Dungeon.
You worshipped Hepliaklqana.
Hepliaklqana was most pleased with you.
You visited 2 branches of the dungeon, and saw 11 of its levels.

You collected 466 gold pieces.
You spent 184 gold pieces at shops.

Inventory:

Hand Weapons
 a - a +0 war axe (weapon)
Missiles
 h - 4 throwing nets
Armour
 c - a +0 buckler (worn)
 o - a +0 pair of gloves (worn)
 r - a +1 hat (worn)
 A - a +0 pair of boots of flying (worn)
 D - a +0 plate armour (worn)
Jewellery
 g - a ring of protection from cold
 l - a +4 ring of evasion (left hand)
 u - a ring of positive energy (right hand)
 z - a ring of willpower
Wands
 j - a wand of flame (31)
 k - a wand of iceblast (11) (quivered)
 t - a wand of digging (2)
 x - a wand of paralysis (10)
 G - a wand of acid (4)
Scrolls
 e - 5 scrolls of blinking
 f - a scroll of enchant weapon
 m - 3 scrolls of holy word
 y - a scroll of fear
 B - a scroll of teleportation
 C - a scroll of fog
 H - a scroll of enchant armour
Potions
 b - 2 potions of curing
 d - a potion of might
 i - 2 potions of mutation {unknown}
 n - 2 potions of lignification {unknown}
 p - 2 potions of resistance {unknown}
 q - 3 potions of haste
 s - a potion of berserk rage {unknown}
 v - 2 potions of brilliance {unknown}
 E - 13 potions of ambrosia
 F - a potion of flight {unknown}


   Skills:
 + Level 8.6 Fighting
 + Level 13.0 Axes
 + Level 10.8 Armour
 + Level 7.1 Shields
 * Level 7.3 Evocations


You had 10 spell levels left.
You didn't know any spells.
Your spell library contained the following spells:

 Spells                   Type           Power      Damage    Failure   Level
 Magic Dart               Conj           0%         1d3       100%        1
 Pain                     Necr           0%         1d4       100%        1
 Blink                    Tloc           0%         N/A       100%        2
 Call Imp                 Summ           0%         N/A       100%        2
 Inner Flame              Hex/Fire       0%         N/A       100%        3
 Mephitic Cloud           Conj/Pois/Air  0%         N/A       100%        3
 Cause Fear               Hex            0%         N/A       100%        4
 Agony                    Necr           0%         N/A       100%        5
 Excruciating Wounds      Necr           0%         N/A       100%        5
 Manifold Assault         Tloc           0%         N/A       100%        5
 Storm Form               Tmut/Air       0%         N/A       100%        7
 Discord                  Hex            0%         N/A       100%        8


Dungeon Overview and Level Annotations

Branches:
Dungeon (10/15)            Temple (1/1) D:4             Orc (0/2) D:9
   Lair: D:8-11

Altars:
Ashenzari
Cheibriados
Dithmenos
Elyvilon
Fedhas
Gozag
Hepliaklqana
Kikubaaqudgha
Makhleb
Nemelex Xobeh
Okawaru
Qazlal
Ru
Sif Muna
Trog
Uskayaw
Vehumet
Wu Jian
Xom
Yredelemnul
Zin
The Shining One

Shops:
D:1 *   D:7 [

Portals:
Abyss: D:8

Annotations:
D:8 2 transporters, cbfl8's ghost, novice DsFi


Innate Abilities, Weirdness & Mutations

Your life essence is reduced to manifest your ancestor. (-10% HP)
You have a pair of horns on your head.
You reflexively headbutt those who attack you in melee.


Message History

Valentine points at the yak and mumbles some strange words.
The stone arrow hits the yak!
The yak dies!
The yak gores you!
The yak barely misses Valentine.
The yak gores you but does no damage.
Your Axes skill increases to level 13!
You hit the yak. Your headbutt misses the yak.
The yak is moderately wounded.
You hit the yak but do no damage. You hit the yak.
Valentine hits the yak with a +0 quarterstaff.
The yak gores you!
The yak misses Valentine.
The yak completely misses you.
Unknown command.
You are too injured to fight recklessly!
Unknown command.
You are too injured to fight recklessly!
Unknown command.
You are too injured to fight recklessly!
Unknown command.
You hit the yak. Your headbutt misses the yak.
The yak is moderately wounded.
You slash the yak! You hit the yak. The yak gores you!
Valentine hits the yak with a +0 quarterstaff.
The yak gores you.
The yak gores Valentine!
You block the yak's attack.
You hit the yak. You headbutt the yak!
The yak is severely wounded.
You hit the yak. You barely miss the yak. The yak gores you.
Valentine gestures at the yak while chanting.
The stone arrow hits the yak!!
The yak dies!
The yak gores you!
* * * LOW HITPOINT WARNING * * *
The yak gores Valentine!
Valentine is destroyed!
The yak barely misses you. The yak gores you!
* * * LOW HITPOINT WARNING * * *
You see here a yak corpse.
The yak gores you!
* * * LOW HITPOINT WARNING * * *
The yak gores you.
You die...

# ###. # #.. ..# #.#
#####.## ##.##########
.......# #...........#
...^...####..<.Y......#
.......##(.....†@.....#
.......##.#....YY.....#
.......##.#.............
..........#...........##
.....).####...........#
.......# #######.#####
###.#### .# ....# ##
#####


You could see 3 yaks.

Vanquished Creatures
  Gastronok (D:8)
  A two-headed ogre (D:8)
  Pikel (D:6)
  Joseph (D:8)
  2 trolls
  Prince Ribbit (D:6)
  A shadow (D:9)
  A yak (D:10)
  3 steam dragons
  2 water moccasins
  3 orc warriors
  A sky beast (D:9)
  2 black bears (D:6)
  A necrophage (D:6)
  A centaur (D:9)
  2 ogres (D:6)
  2 phantoms
  A kobold brigand (D:8)
  A bullfrog (D:8)
  Blork the orc (D:6)
  4 scorpions
  A water moccasin skeleton (D:7)
  2 wights (D:8)
  20 killer bees (D:9)
  4 howler monkeys
  2 orc priests
  A centaur zombie (D:7)
  2 hounds
  4 iguanas
  3 orc wizards
  A hound skeleton (D:4)
  10 gnolls
  2 howler monkey skeletons
  2 adders
  A shadow imp (D:6)
  A white imp (D:6)
  An ufetubus (D:6)
  35 orcs
  5 ball pythons (D:2)
  6 endoplasms
  3 giant cockroaches
  5 goblins
  6 hobgoblins
  2 jackals (D:1)
  6 quokkas
  11 bats
  6 frilled lizards
  10 kobolds
  4 rats
189 creatures vanquished.

Vanquished Creatures (collateral kills)
  A two-headed ogre (D:9)
  A queen bee (D:9)
  A vampire (D:9)
  2 yaks (D:10)
  2 steam dragons (D:9)
  A water moccasin (D:6)
  3 orc warriors (D:9)
  3 sky beasts
  2 centaurs
  A phantom (D:7)
  A wight (D:8)
  6 killer bees (D:9)
  A centaur zombie (D:9)
  2 orc priests (D:9)
  A jelly (D:8)
  An iguana (D:7)
  6 orc wizards
  A white imp (D:6)
  An adder skeleton (D:5)
  9 orcs
46 creatures vanquished.

Vanquished Creatures (others)
  2 battlemagi
  An ancestor (D:6)
  A fungus (D:1)
  A plant (D:1)
5 creatures vanquished.

Grand Total: 240 creatures vanquished

Notes
Turn   | Place    | Note
-------+----------+-------------------------------------------
     0 | D:1      | cbfl8 the Minotaur Fighter began the quest for the Orb.
     0 | D:1      | Reached XP level 1. HP: 19/19 MP: 0/0
   221 | D:1      | Reached XP level 2. HP: 27/27 MP: 1/1
   292 | D:1      | Found Vydwuemp's General Store.
   761 | D:1      | Found a faded altar of an unknown god.
  1144 | D:2      | Reached skill level 1 in Evocations
  1170 | D:2      | Reached XP level 3. HP: 33/33 MP: 2/2
  1347 | D:2      | Reached skill level 3 in Axes
  1597 | D:2      | Reached XP level 4. HP: 37/40 MP: 3/3
  2290 | D:3      | Reached XP level 5. HP: 29/46 MP: 4/4
  2292 | D:3      | Reached skill level 4 in Axes
  3121 | D:4      | Found a staircase to the Ecumenical Temple.
  3159 | Temple   | Entered the Ecumenical Temple
  3315 | Temple   | Became a worshipper of Hepliaklqana the Forgotten
  3622 | D:4      | Reached XP level 6. HP: 53/53 MP: 5/5
  3712 | D:4      | Reached skill level 5 in Armour
  3767 | D:4      | Reached skill level 5 in Axes
  3804 | D:4      | Found a sparkling altar of Nemelex Xobeh.
  3916 | D:5      | Entered Level 5 of the Dungeon
  3970 | D:5      | Noticed a water moccasin
  3977 | D:5      | Killed a water moccasin
  4000 | D:5      | Reached skill level 6 in Axes
  4000 | D:5      | Reached XP level 7. HP: 60/60 MP: 6/6
  4379 | D:5      | Reached * piety under Hepliaklqana
  4894 | D:6      | Reached skill level 5 in Fighting
  4894 | D:6      | Reached skill level 7 in Axes
  4991 | D:6      | Found a glowing golden altar of the Shining One.
  5016 | D:6      | Reached XP level 8. HP: 58/61 MP: 7/7
  5066 | D:6      | Reached skill level 5 in Shields
  5221 | D:6      | Reached skill level 8 in Axes
  5257 | D:6      | Noticed Prince Ribbit
  5269 | D:6      | Killed Prince Ribbit
  5366 | D:6      | Found a basalt altar of Yredelemnul.
  5478 | D:6      | Noticed Blork the orc
  5483 | D:6      | Killed Blork the orc
  5567 | D:6      | Reached skill level 9 in Axes
  5704 | D:6      | Noticed Pikel
  5877 | D:6      | Killed Pikel
  5878 | D:6      | Reached XP level 9. HP: 57/67 MP: 8/8
  6048 | D:6      | Reached ** piety under Hepliaklqana
  6160 | D:6      | Remembered your ancestor Valentine as a battlemage
  6253 | D:7      | Reached skill level 5 in Evocations
  6405 | D:7      | Reached skill level 10 in Axes
  6544 | D:7      | Found Ihugueg's Armour Shoppe.
  6607 | D:7      | Bought a +0 pair of boots of flying for 184 gold pieces
  6883 | D:8      | Noticed Gastronok
  6894 | D:8      | Killed Gastronok
  6895 | D:8      | Reached XP level 10. HP: 44/75 MP: 9/9
  7114 | D:8      | Noticed Joseph
  7125 | D:8      | Killed Joseph
  7126 | D:8      | Reached skill level 11 in Axes
  7230 | D:8      | Noticed a red ugly thing
  7230 | D:8      | Noticed a toenail golem
  7270 | D:8      | Noticed a two-headed ogre
  7277 | D:8      | Killed a two-headed ogre
  7446 | D:8      | You are sucked into a shaft and drop 1 floor!
  7791 | D:8      | Found a transporter.
  7846 | D:8      | Noticed cbfl8's ghost (novice DsFi)
  8240 | D:8      | Reached *** piety under Hepliaklqana
  8312 | D:8      | Found a one-way gate to the infinite horrors of the Abyss.
  8319 | D:8      | Found a transporter.
  8662 | D:9      | Reached skill level 12 in Axes
  8847 | D:9      | Reached skill level 10 in Armour
  9342 | D:9      | Reached XP level 11. HP: 78/84 MP: 10/10
 10109 | D:9      | Noticed a two-headed ogre
 10115 | D:9      | Killed a two-headed ogre
 10468 | D:9      | Found a staircase to the Orcish Mines.
 10736 | D:10     | Entered Level 10 of the Dungeon
 10765 | D:10     | Reached skill level 13 in Axes
 10769 | D:10     | HP: 2/85 [yak (9)]
 10769 | D:10     | Slain by a yak

Illustrated notes

Levels and vault maps discovered:
D:1:      minmay_arrival_jagged, layout_basic, serial_shops, nicolae_shop_stone,
          dreamdust_ecumenical_altar_hidden_monk_grotto
D:2:      layout_loops_ring
D:3:      layout_loops_corners, grunt_ministairs_12
D:4:      layout_loops_ring, nemelex_xobeh_ov_fountains_minmay, temple_pool_b
D:5:      layout_gridville, nrook_mini_backslash
D:6:      layout_loops_ring, hangedman_feature_mirror, st_stairs_5,
          minmay_manual_macuahuitl, uniq_pikel, uniq_blork_the_orc,
          uniq_prince_ribbit1
D:7:      layout_basic, serial_shops, nicolae_shop_window_shopping
D:8:      layout_basic, gammafunk_ghost_abyssal_escape, uniq_joseph,
          uniq_gastronok
D:9:      layout_long_grid, erik_orc_2, special_room [special_room_bee],
          hangedman_misty_isle
D:10:     layout_roguey, lair_entry_dummy
Temple:   mainiacjoe_temple_hex_bubbles

Skill      XL: |  1  2  3  4  5  6  7  8  9 10 11 |
---------------+----------------------------------+-----
Armour         | 4 5 7 8 10 | 10.8
Shields        | 4 5 6 7 |  7.1
Evocations     | 1 2 3 4 5 6 7 |  7.3
Fighting       | 4 5 6 8 |  8.6
Axes           | 3 4 6 7 9 10 12 13 | 13.0

Action                   |  1- 3 |  4- 6 |  7- 9 | 10-12 || total
-------------------------+-------+-------+-------+-------++-------
Melee: War axe           |    64 |   115 |   135 |   203 ||   517
       Headbutt          |    11 |    10 |    30 |    35 ||    86
Invok: Ancestor Identity |       |       |     1 |       ||     1
       Ancestor Life: Ba |       |       |     1 |       ||     1
Evoke: Wand              |       |       |       |     3 ||     3
  Use: Potion            |       |     2 |       |     2 ||     4
       Scroll            |       |       |     6 |     3 ||     9
 Stab: Distracted        |       |       |     1 |       ||     1
Armor: Scale mail        |    32 |    32 |     8 |       ||    72
       Chain mail        |       |       |    43 |   103 ||   146
       Plate armour      |       |       |       |     3 ||     3
Dodge: Dodged            |    26 |    64 |    78 |   130 ||   298
Block: Buckler           |    13 |    30 |    34 |    58 ||   135
